 Dungeon Crawl Stone Soup version 0.30.0-20-g3615ddf2f0 (webtiles) character file.

Game seed: 14967445871117174568

59862 qw the Severer (level 14, -1/90 HPs)
             Began as a Gargoyle Fighter on June 1, 2023.
             Was an Elder of Okawaru.
             Slain by Rupert
             ... wielding a +4 great sword of freezing
              (8 damage)
             ... on level 13 of the Dungeon.
             The game lasted 00:09:13 (15092 turns).

qw the Severer (Gargoyle Fighter)                  Turns: 15092, Time: 00:09:14

Health: -1/90      AC: 50    Str: 23    XL:     14   Next: 96%
Magic:  20/21      EV: 14    Int: 19    God:    Okawaru [****..]
Gold:   1350       SH: 15    Dex:  9    Spells: 13/13 levels left

rFire   . . .        Y - +4 war axe (protect)
rCold   . . .        r - +2 kite shield
rNeg    + . .        h - +3 plate armour
rPois   inf          v - +2 hat
rElec   +            y - +2 cloak of the Wasteland {Slay+3}
rCorr   .            i - +2 pair of gloves
SInv    +            w - +0 pair of boots of Tenacity {Int+5}
Will    +....        q - amulet of regeneration
Stlth   x              - ring of Feri {Drain rPois Int+3 SInv}
HPRegen 1.15/turn    m - +5 ring of evasion
MPRegen 0.17/turn

%: no passive effects
@: heroic, under a protective aura, flying, unable to read
A: sickness immunity, AC +10, big wings, negative energy resistance 1,
electricity resistance, torment resistance 1, petrification resistance, fangs 1,
iridescent scales 1, inability to read after injury 1
a: Renounce Religion, Heroism, Finesse


You were on level 13 of the Dungeon.
You worshipped Okawaru.
Okawaru was greatly pleased with you.
You visited 3 branches of the dungeon, and saw 19 of its levels.

You collected 1380 gold pieces.
You spent 30 gold pieces at shops.


Innate Abilities, Weirdness & Mutations

You are immune to sickness and miasma.
Your stone body is resilient. (AC +10)
You are immune to poison.
Your large and strong wings let you fly.
You resist negative energy. (rN+)
You are resistant to electric shocks. (rElec)
You are resistant to unholy torment.
You are immune to petrification.
You have very sharp teeth.
You are partially covered in iridescent scales. (AC +2)
You occasionally lose the ability to read scrolls when taking damage.


   Skills:
 - Level 11.0(16.0) Fighting
 - Level 15.0(20.0) Axes
 - Level 5.0(10.0) Throwing
 + Level 10.5(15.5) Armour
 - Level 4.0(9.0) Dodging
 - Level 12.1(17.1) Shields
 - Level 10.0 Invocations


You had 13 spell levels left.
You didn't know any spells.
Your spell library was empty.

Inventory:

Hand Weapons
 u - a +0 morningstar
 Y - a +4 war axe of protection (weapon)
Missiles
 b - 8 boomerangs
 A - 5 javelins (quivered)
Armour
 g - the +0 ring mail "Naufel" {Contam +Inv rPois rCorr}
   (You found it on level 2 of the Dungeon)

   rPois:     It protects you from poison.
   +Inv:      It lets you turn invisible.
   Contam:    It causes magical contamination when unequipped.
   rCorr:     It protects you from acid and corrosion.
 h - a +3 plate armour (worn)
 i - a +2 pair of gloves (worn)
 k - the +1 cloak of Raimiufo {rC+ Int+4}
   (You found it on level 9 of the Dungeon)

   Int:       It affects your intelligence (+4).
   rC:        It protects you from cold.
 r - a +2 kite shield (worn)
 v - a +2 hat (worn)
 w - the +0 pair of boots of Tenacity (worn) {Int+5}
   (You acquired it on level 11 of the Dungeon)

   Int:       It affects your intelligence (+5).
 y - the +2 cloak of the Wasteland (worn) {Slay+3}
   (You found it on level 4 of the Lair of Beasts)

   Slay:      It affects your accuracy & damage with ranged weapons and melee
   (+3).
Jewellery
 e - a +6 ring of dexterity
 l - the ring of Xom's Capriciousness {Ice Int+4}
   (You found it on level 5 of the Lair of Beasts)

   [ring of ice]

   It enhances your ice magic.
   Int:       It affects your intelligence (+4).
   rF:        It makes you vulnerable to fire.
   rC:        It protects you from cold.
 m - a +5 ring of evasion (right hand)
 q - an amulet of regeneration (around neck)
 x - the ring of Feri (left hand) {Drain rPois Int+3 SInv}
   (You took it off an orc on level 5 of the Dungeon)

   [ring of see invisible]

   Int:       It affects your intelligence (+3).
   rPois:     It protects you from poison.
   SInv:      It lets you see invisible.
   Drain:     It drains your maximum health when unequipped.
 B - the ring "Dokogg" {Fly rF+ Int+6}
   (You found it on level 8 of the Dungeon)

   [ring of intelligence]

   Int:       It affects your intelligence (+6).
   rF:        It protects you from fire.
   Fly:       It grants you flight.
Scrolls
 a - 16 scrolls of identify
 t - 5 scrolls of teleportation
Potions
 c - a potion of cancellation
 d - 5 potions of might
 f - 2 potions of attraction
 j - a potion of resistance
 o - 3 potions of lignification
 p - 7 potions of curing
 s - 2 potions of haste
 z - 2 potions of heal wounds
 C - a potion of magic

Dungeon Overview and Level Annotations

Branches:
Dungeon (13/15)            Temple (1/1) D:7            Lair (5/5) D:9
 Shoals (0/4) Lair:2       Spider (0/4) Lair:2        Slime (0/5) Lair:4
    Orc (0/2) D:10
 Vaults: D:13-14

Altars:
Ashenzari
Cheibriados
Dithmenos
Elyvilon
Fedhas
Gozag
Hepliaklqana
Kikubaaqudgha
Makhleb
Nemelex Xobeh
Okawaru
Qazlal
Ru
Sif Muna
Trog
Uskayaw
Vehumet
Wu Jian
Xom
Yredelemnul
Zin
The Shining One
Jiyva

Shops:
D:1 ==!   D:8 :   D:10 :

Annotations:
D:8 1 runed translucent door, qw's ghost, novice GrFi
D:13 3 transporters, Rupert


Message History

Rupert is lightly wounded.
Rupert roars madly and goes into a rage!
Rupert goes berserk!
You slice Rupert!! You bite Rupert, but do no damage.
Rupert is moderately wounded.
You block Rupert's attack.
You slash Rupert!
Rupert is moderately wounded.
Rupert barely misses you.
You slice Rupert!!
Rupert is heavily wounded.
You block Rupert's attack.
Rupert hits you with a +4 great sword of freezing!
Rupert freezes you.
You slice Rupert!!
Rupert is heavily wounded.
Rupert hits you with a +4 great sword of freezing.
Rupert freezes you.
You hit Rupert.
Rupert is heavily wounded.
Rupert closely misses you.
You hit Rupert. Your bite misses Rupert.
Rupert is heavily wounded.
You block Rupert's attack.
You slice Rupert!!
Rupert is severely wounded.
Rupert hits you with a +4 great sword of freezing!!
Rupert freezes you!
You feel threatened and lose the ability to read scrolls!
You slash Rupert!
Rupert is severely wounded.
You block Rupert's attack.
You completely miss Rupert. You bite Rupert, but do no damage.
Rupert is severely wounded.
You block Rupert's attack.
You barely miss Rupert.
Rupert is severely wounded.
Rupert hits you with a +4 great sword of freezing!!
Rupert freezes you!
You die...

......#.# #..##
......#.# #.##
..)...#.. #.#
.)....#... #.#
).....########.#
)..............#
).......###.##.#
# ......>.#
#.#..###.#
........#
#.....@..#
........#
#######@.#
........# ..#
######### ..#
... #.## .# .#


You could see Rupert (berserk).

Vanquished Creatures
  Gastronok (D:8)
  Kirke (D:12)
  Snorg (D:12)
  A vault guard (D:13)
  7 hydras
  A centaur warrior (D:13)
  2 two-headed ogres
  3 death yaks (Lair:5)
  2 tengu warriors
  Sonja (D:11)
  Nergalle (D:12)
  Lodul (D:13)
  2 skysharks
  2 lindwurms (Lair:5)
  A harpy (Lair:2)
  A deep elf pyromancer (D:12)
  3 cyclopes
  5 black mambas
  19 elephants
  11 cane toads
  2 gargoyles
  Maggie (D:7)
  6 rime drakes
  A torpor snail (Lair:5)
  An unseen horror (D:12)
  2 efreet (D:13)
  2 kobold demonologists (D:10)
  A tengu conjurer (D:13)
  6 komodo dragons
  5 trolls
  A meliai (D:13)
  3 polar bears
  6 dream sheep (Lair:5)
  20 blink frogs
  12 slime creatures (D:12)
  A wraith (D:10)
  Sigmund (D:3)
  3 shadows
  33 yaks
  4 wyverns
  6 basilisks
  Eustachio (D:4)
  6 vampire mosquitoes
  A steam dragon (Lair:3)
  A hog (D:12)
  2 humans (D:12)
  Menkaure (D:7)
  17 water moccasins
  An ice beast (D:5)
  4 orc warriors
  3 sky beasts
  6 ogres (D:13)
  5 centaurs
  15 wolves
  A phantom (D:5)
  3 kobold brigands
  12 bullfrogs
  2 scorpions
  13 wights
  23 killer bees
  7 howler monkeys
  2 electric eels (Lair:1)
  5 orc priests
  A jelly (D:6)
  7 hounds
  2 sleepcaps
  6 iguanas
  10 orc wizards
  4 gnolls (D:5)
  2 adders
  2 white imps
  2 ufetubi (D:5)
  A worm (D:2)
  A dart slug (D:2)
  46 orcs
  2 bats
  8 endoplasms
  2 giant cockroaches (D:4)
  5 goblins
  4 hobgoblins
  2 jackals (D:4)
  2 quokkas
  8 ball pythons
  3 frilled lizards
  22 kobolds
  5 rats
461 creatures vanquished.

Notes
Turn   | Place    | Note
-------+----------+-------------------------------------------
     0 | D:1      | qw the Gargoyle Fighter began the quest for the Orb.
     0 | D:1      | Reached XP level 1. HP: 14/14 MP: 1/1
     0 | D:1      | 0 ||| qw: Version: 0.2-a-102-gfc559e5
     0 | D:1      | 0 ||| qw: Game counter: 644
     0 | D:1      | 0 ||| qw: Always use a shield: true
     0 | D:1      | 0 ||| qw: God list: Okawaru
     0 | D:1      | 0 ||| qw: Allow faded altars: false
     0 | D:1      | 0 ||| qw: Do Orc after D:15 true
     0 | D:1      | 0 ||| qw: Do second Lair branch before Depths: true
     0 | D:1      | 0 ||| qw: Lair rune preference: random
     0 | D:1      | 0 ||| qw: Plans: Normal, Zot:1-4, Slime:5, God:TSO, Crypt,
                  | Tomb, Pan, Hells, Abyss, Win
     0 | D:1      | 0 ||| PLANNING D:1-11
    10 | D:1      | Found Wuahoc's Jewellery Boutique.
    30 | D:1      | 30 ||| SHOPLISTING +4 ring of slaying (1092 gold, have 19).
    30 | D:1      | 30 ||| SHOPLISTING +6 ring of dexterity (504 gold, have
                  | 19).
    30 | D:1      | 30 ||| SHOPLISTING +6 ring of strength (504 gold, have 19).
    30 | D:1      | 30 ||| SHOPLISTING amulet of Nieralul {Acrobat rF++ Dex+3}
                  | (851 gold, have 19).
    30 | D:1      | 30 ||| SHOPLISTING ring "Egar Eli" {rF++ rN+ EV+5} (905
                  | gold, have 19).
    30 | D:1      | 30 ||| SHOPLISTING ring of positive energy (280 gold, have
                  | 19).
    45 | D:1      | Reached skill level 2 in Axes
    78 | D:1      | 78 ||| Stepping ~*~*~tactically~*~*~ (stealth).
    88 | D:1      | Reached XP level 2. HP: 16/19 MP: 2/2
   121 | D:1      | Found Motz's Jewellery Shoppe.
   167 | D:1      | 167 ||| SHOPLISTING +6 ring of dexterity (468 gold, have
                  | 19).
   167 | D:1      | 167 ||| SHOPLISTING amulet of faith (520 gold, have 19).
   167 | D:1      | 167 ||| SHOPLISTING amulet of the acrobat (390 gold, have
                  | 19).
   167 | D:1      | 167 ||| SHOPLISTING ring "Ehamie Iclu" {*Corrode Will+
                  | Int+3 Dex+7} (616 gold, have 19).
   167 | D:1      | 167 ||| SHOPLISTING ring "Utusio" {Fly MP+9 Str+2 SInv}
                  | (487 gold, have 19).
   167 | D:1      | 167 ||| SHOPLISTING ring of protection from cold (325 gold,
                  | have 19).
   167 | D:1      | 167 ||| SHOPLISTING ring of resist corrosion (260 gold,
                  | have 19).
   278 | D:1      | Reached skill level 3 in Axes
   433 | D:1      | Reached XP level 3. HP: 19/23 MP: 3/3
   456 | D:1      | 456 ||| Stepping ~*~*~tactically~*~*~ (hiding).
   575 | D:1      | Found Ostokhlu's Distillery.
   578 | D:1      | 578 ||| BUYING potion of curing (30 gold).
   578 | D:1      | Bought a potion of curing for 30 gold pieces
   578 | D:1      | 578 ||| SHOPLISTING potion of curing (30 gold, have 19).
   578 | D:1      | 578 ||| SHOPLISTING potion of haste (100 gold, have 19).
   578 | D:1      | 578 ||| SHOPLISTING potion of heal wounds (50 gold, have
                  | 19).
   578 | D:1      | 578 ||| SHOPLISTING potion of resistance (100 gold, have
                  | 19).
   607 | D:1      | 607 ||| UPGRADING to +6 ring of dexterity.
   608 | D:1      | 608 ||| READING 2 scrolls labelled KOGEEMA NOEDD.
   609 | D:1      | 609 ||| READING scroll labelled GOAGUF TAEC.
   610 | D:1      | 610 ||| READING scroll labelled ASUBBU ESOYZXU.
   644 | D:2      | 644 ||| Stepping ~*~*~tactically~*~*~ (stealth).
   645 | D:2      | 645 ||| Stepping ~*~*~tactically~*~*~ (stealth).
   675 | D:2      | 675 ||| DROPPING +0 club.
   689 | D:2      | 689 ||| Stepping ~*~*~tactically~*~*~ (hiding).
   692 | D:2      | 692 ||| Stepping ~*~*~tactically~*~*~ (hiding).
   753 | D:2      | 753 ||| Stepping ~*~*~tactically~*~*~ (water).
   840 | D:2      | Identified the +0 ring mail "Naufel" {Contam +Inv rPois
                  | rCorr}
  1037 | D:2      | 1037 ||| Stepping ~*~*~tactically~*~*~ (stealth).
  1038 | D:2      | 1038 ||| Stepping ~*~*~tactically~*~*~ (stealth).
  1039 | D:2      | 1039 ||| Stepping ~*~*~tactically~*~*~ (stealth).
  1040 | D:2      | 1040 ||| Stepping ~*~*~tactically~*~*~ (stealth).
  1054 | D:2      | Reached skill level 1 in Dodging
  1159 | D:2      | 1159 ||| UPGRADING to amulet of regeneration.
  1164 | D:2      | 1164 ||| READING scroll labelled JOCIREGRUCS.
  1165 | D:2      | 1165 ||| READING scroll labelled KEFAER PUMUHOO.
  1166 | D:2      | 1166 ||| READING scroll labelled OFIJOSAEPE.
  1167 | D:2      | 1167 ||| DRINKING 2 brown potions.
  1168 | D:2      | 1168 ||| READING 4 scrolls of identify.
  1168 | D:2      | 1168 ||| IDENTIFYING ruby potion
  1169 | D:2      | 1169 ||| READING 3 scrolls of identify.
  1169 | D:2      | 1169 ||| IDENTIFYING pink potion
  1170 | D:2      | 1170 ||| READING 2 scrolls of identify.
  1170 | D:2      | 1170 ||| IDENTIFYING green potion
  1171 | D:2      | 1171 ||| DROPPING potion of invisibility.
  1225 | D:3      | Reached XP level 4. HP: 28/28 MP: 4/4
  1242 | D:3      | 1242 ||| DRINKING potion of curing.
  1242 | D:3      | 1242 ||| (to cure confusion)
  1243 | D:3      | 1243 ||| Stepping ~*~*~tactically~*~*~ (hiding).
  1264 | D:3      | Reached skill level 4 in Axes
  1295 | D:3      | 1295 ||| Stepping ~*~*~tactically~*~*~ (stealth).
  1313 | D:3      | Noticed Sigmund
  1315 | D:3      | 1315 ||| Stepping ~*~*~tactically~*~*~ (hiding).
  1331 | D:3      | 1331 ||| FLEEEEING.
  1332 | D:3      | 1332 ||| FLEEEEING.
  1333 | D:3      | 1333 ||| Stepping ~*~*~tactically~*~*~ (hiding).
  1334 | D:3      | 1334 ||| FLEEEEING.
  1335 | D:3      | 1335 ||| Stepping ~*~*~tactically~*~*~ (hiding).
  1339 | D:3      | 1339 ||| FLEEEEING.
  1339 | D:3      | HP: 3/28 [something (8)]
  1340 | D:3      | 1340 ||| FLEEEEING.
  1341 | D:3      | 1341 ||| FLEEEEING.
  1342 | D:3      | 1342 ||| FLEEEEING.
  1343 | D:3      | 1343 ||| FLEEEEING.
  1344 | D:3      | 1344 ||| FLEEEEING.
  1345 | D:3      | 1345 ||| FLEEEEING.
  1347 | D:3      | 1347 ||| FLEEEEING.
  1348 | D:3      | 1348 ||| FLEEEEING.
  1349 | D:3      | 1349 ||| FLEEEEING.
  1350 | D:3      | 1350 ||| FLEEEEING.
  1359 | D:3      | HP: 7/28 [something (4)]
  1360 | D:3      | 1360 ||| DRINKING potion of heal wounds.
  1365 | D:3      | HP: 5/28 [something (4)]
  1370 | D:3      | Killed Sigmund
  1371 | D:3      | Reached skill level 5 in Axes
  1371 | D:3      | Reached XP level 5. HP: 9/32 MP: 5/5
  1371 | D:3      | Reached XP level 6. HP: 10/37 MP: 6/6
  1463 | D:3      | Found an ancient bone altar of Kikubaaqudgha.
  1526 | D:3      | Identified the +0 robe "Becodue" {Int+4}
  1567 | D:3      | 1567 ||| Stepping ~*~*~tactically~*~*~ (stealth).
  1574 | D:3      | 1574 ||| Stepping ~*~*~tactically~*~*~ (stealth).
  1592 | D:3      | 1592 ||| DROPPING +0 whip.
  1783 | D:3      | 1783 ||| UPGRADING to +0 chain mail.
  1793 | D:3      | 1793 ||| DROPPING +0 scale mail.
  1794 | D:3      | 1794 ||| UPGRADING to +1 pair of gloves.
  1799 | D:3      | 1799 ||| UPGRADING to +2 kite shield.
  1809 | D:3      | 1809 ||| DROPPING +0 buckler.
  1810 | D:3      | 1810 ||| READING scroll of enchant armour.
  1810 | D:3      | 1810 ||| ENCHANTING +1 pair of gloves.
  1811 | D:3      | 1811 ||| READING scroll labelled KONEOTT BAPU.
  1812 | D:3      | 1812 ||| DRINKING 3 murky pink potions.
  1813 | D:3      | 1813 ||| READING 2 scrolls of identify.
  1813 | D:3      | 1813 ||| IDENTIFYING silvery potion
  1814 | D:3      | 1814 ||| DROPPING 2 potions of degeneration.
  1873 | D:4      | Found an ornate altar of the Wu Jian Council.
  2401 | D:4      | Noticed Eustachio
  2424 | D:4      | HP: 6/38 [white imp/puff of frost[Eustachio] (8)]
  2425 | D:4      | 2425 ||| READING scroll of teleportation.
  2516 | D:4      | 2516 ||| Stepping ~*~*~tactically~*~*~ (stealth).
  2521 | D:4      | Killed Eustachio
  2522 | D:4      | Reached XP level 7. HP: 42/42 MP: 7/7
  2530 | D:4      | 2530 ||| Stepping ~*~*~tactically~*~*~ (stealth).
  2555 | D:4      | 2555 ||| Stepping ~*~*~tactically~*~*~ (stealth).
  2556 | D:4      | 2556 ||| Stepping ~*~*~tactically~*~*~ (stealth).
  2797 | D:4      | 2797 ||| Stepping ~*~*~tactically~*~*~ (stealth).
  2807 | D:4      | Found a hazy altar of Hepliaklqana.
  2811 | D:4      | Found a burning altar of Makhleb.
  2814 | D:4      | Found a sacrificial altar of Ru.
  2814 | D:4      | Found a white marble altar of Elyvilon.
  2880 | D:4      | Found an opulent altar of Gozag.
  2898 | D:4      | Found a broken altar of Ashenzari.
  2898 | D:4      | Found a shimmering altar of Xom.
  3120 | D:4      | 3120 ||| READING scroll labelled HITATU ECEUL.
  3121 | D:4      | 3121 ||| READING scroll labelled OJITHA TISIMUH.
  3129 | D:4      | 3129 ||| READING 6 scrolls of identify.
  3129 | D:4      | 3129 ||| IDENTIFYING fuming emerald potion
  3153 | D:5      | Entered Level 5 of the Dungeon
  3217 | D:5      | 3217 ||| Stepping ~*~*~tactically~*~*~ (hiding).
  3244 | D:5      | 3244 ||| DROPPING +0 flail.
  3265 | D:5      | Reached skill level 6 in Axes
  3281 | D:5      | Reached skill level 6 in Shields
  3287 | D:5      | 3287 ||| Stepping ~*~*~tactically~*~*~ (stealth).
  3660 | D:5      | Reached XP level 8. HP: 41/48 MP: 8/8
  3724 | D:5      | 3724 ||| READING scroll of enchant weapon.
  3724 | D:5      | 3724 ||| ENCHANTING +1 war axe.
  3767 | D:5      | Identified the ring of Feri {Drain rPois Int+3 SInv}
  3768 | D:5      | 3768 ||| Stepping ~*~*~tactically~*~*~ (stealth).
  3828 | D:5      | Reached skill level 7 in Axes
  3828 | D:5      | Found a sparkling altar of Nemelex Xobeh.
  4119 | D:5      | Reached skill level 1 in Throwing
  4150 | D:5      | 4150 ||| UPGRADING to ring of Feri {Drain rPois Int+3
                  | SInv}.
  4151 | D:5      | 4151 ||| READING 2 scrolls labelled WURENA KYSODIU.
  4152 | D:5      | 4152 ||| DRINKING 3 murky sapphire potions.
  4152 | D:5      | Gained mutation: Armour fits poorly on your strangely
                  | shaped body. [potion of mutation]
  4152 | D:5      | Gained mutation: Your spells are a little easier to cast,
                  | but a little less powerful. [potion of mutation]
  4153 | D:5      | 4153 ||| DRINKING 2 potions of mutation.
  4153 | D:5      | Lost mutation: Armour fits poorly on your strangely shaped
                  | body. [potion of mutation]
  4153 | D:5      | Lost mutation: Your spells are a little easier to cast, but
                  | a little less powerful. [potion of mutation]
  4153 | D:5      | Gained mutation: You have a pair of small horns on your
                  | head. [potion of mutation]
  4153 | D:5      | Gained mutation: You have hidden genetic defects. [potion
                  | of mutation]
  4153 | D:5      | Gained mutation: You have very sharp teeth. [potion of
                  | mutation]
  4154 | D:5      | 4154 ||| DROPPING scroll of noise.
  4186 | D:6      | 4186 ||| STAIRDANCE
  4341 | D:6      | 4341 ||| DROPPING +2 heavy flail.
  4379 | D:6      | Gained mutation: Armour fits poorly on your strangely
                  | shaped body. [hidden defects]
  4437 | D:6      | 4437 ||| Stepping ~*~*~tactically~*~*~ (stealth).
  4438 | D:6      | 4438 ||| DRINKING potion of mutation.
  4438 | D:6      | Lost mutation: You have hidden genetic defects. [potion of
                  | mutation]
  4438 | D:6      | Lost mutation: You have a pair of small horns on your head.
                  | [potion of mutation]
  4438 | D:6      | Lost mutation: Armour fits poorly on your strangely shaped
                  | body. [potion of mutation]
  4438 | D:6      | Gained mutation: You occasionally lose the ability to read
                  | scrolls when taking damage. [potion of mutation]
  4438 | D:6      | Gained mutation: You are partially covered in iridescent
                  | scales. (AC +2) [potion of mutation]
  4441 | D:6      | 4441 ||| Stepping ~*~*~tactically~*~*~ (hiding).
  4649 | D:6      | 4649 ||| Stepping ~*~*~tactically~*~*~ (hiding).
  4659 | D:6      | 4659 ||| Stepping ~*~*~tactically~*~*~ (stealth).
  4660 | D:6      | 4660 ||| Stepping ~*~*~tactically~*~*~ (hiding).
  4842 | D:6      | 4842 ||| Stepping ~*~*~tactically~*~*~ (hiding).
  4844 | D:6      | 4844 ||| Stepping ~*~*~tactically~*~*~ (hiding).
  4846 | D:6      | 4846 ||| Stepping ~*~*~tactically~*~*~ (hiding).
  4859 | D:6      | 4859 ||| Stepping ~*~*~tactically~*~*~ (hiding).
  4866 | D:6      | Reached XP level 9. HP: 51/54 MP: 9/9
  4925 | D:6      | Reached skill level 8 in Axes
  4953 | D:6      | 4953 ||| READING 8 scrolls of identify.
  4953 | D:6      | 4953 ||| IDENTIFYING fuming sapphire potion
  4954 | D:6      | 4954 ||| DROPPING potion of flight.
  4991 | D:7      | Found a staircase to the Ecumenical Temple.
  4993 | D:7      | 4993 ||| PLANNING TEMPLE
  4993 | D:7      | 4993 ||| UPGRADING to +0 plate armour.
  5003 | D:7      | 5003 ||| DROPPING +0 chain mail.
  5004 | D:7      | 5004 ||| READING 2 scrolls of enchant armour.
  5004 | D:7      | 5004 ||| ENCHANTING +0 plate armour.
  5005 | D:7      | 5005 ||| READING scroll of enchant armour.
  5005 | D:7      | 5005 ||| ENCHANTING +1 plate armour.
  5013 | Temple   | Entered the Ecumenical Temple
  5037 | Temple   | 5037 ||| PLANNING OKAWARU WORSHIP
  5175 | Temple   | Became a worshipper of Warmaster Okawaru
  5175 | Temple   | 5175 ||| PLANNING D:1-11
  5255 | D:7      | 5255 ||| Stepping ~*~*~tactically~*~*~ (stealth).
  5264 | D:7      | Reached skill level 6 in Fighting
  5276 | D:7      | Reached * piety under Okawaru
  5290 | D:7      | Noticed Maggie
  5293 | D:7      | Noticed Menkaure
  5294 | D:7      | 5294 ||| INVOKING Heroism.
  5302 | D:7      | Killed Menkaure
  5302 | D:7      | HP: 5/55 [Maggie/bolt of fire (15)]
  5304 | D:7      | Killed Maggie
  5390 | D:7      | 5390 ||| INVOKING Heroism.
  5399 | D:7      | Reached skill level 1 in Invocations
  5673 | D:7      | 5673 ||| READING scroll labelled LYEMEF YTEIMP.
  5674 | D:7      | 5674 ||| READING 9 scrolls of identify.
  5674 | D:7      | 5674 ||| IDENTIFYING emerald potion
  5706 | D:8      | Reached skill level 3 in Invocations
  5720 | D:8      | Found a hide-covered altar of Uskayaw.
  5768 | D:8      | 5768 ||| Stepping ~*~*~tactically~*~*~ (stealth).
  5769 | D:8      | 5769 ||| Stepping ~*~*~tactically~*~*~ (stealth).
  5772 | D:8      | 5772 ||| Stepping ~*~*~tactically~*~*~ (hiding).
  5784 | D:8      | Noticed Gastronok
  5785 | D:8      | 5785 ||| INVOKING Heroism.
  5793 | D:8      | Reached XP level 10. HP: 54/60 MP: 9/12
  5808 | D:8      | 5808 ||| INVOKING Heroism.
  5823 | D:8      | 5823 ||| INVOKING Heroism.
  5826 | D:8      | Reached skill level 9 in Axes
  5838 | D:8      | Killed Gastronok
  5838 | D:8      | Reached ** piety under Okawaru
  5853 | D:8      | 5853 ||| Stepping ~*~*~tactically~*~*~ (stealth).
  5879 | D:8      | Reached *** piety under Okawaru
  5893 | D:8      | Identified the ring "Dokogg" {Fly rF+ Int+6}
  5923 | D:8      | 5923 ||| READING scroll of enchant armour.
  5923 | D:8      | 5923 ||| ENCHANTING +2 plate armour.
  6027 | D:8      | Found a runed translucent door.
  6027 | D:8      | Found a shimmering altar of Xom.
  6027 | D:8      | Noticed qw's ghost (novice GrFi)
  6028 | D:8      | Noticed a +2 mace of chaos
  6078 | D:8      | Found Plog's Tremendous Tomes.
  6252 | D:8      | 6252 ||| UPGRADING to +2 hat.
  6257 | D:8      | 6257 ||| UPGRADING to +5 ring of evasion.
  6259 | D:8      | 6259 ||| DROPPING ring of see invisible.
  6260 | D:8      | 6260 ||| UPGRADING to ring "Dokogg" {Fly rF+ Int+6}.
  6262 | D:8      | 6262 ||| UPGRADING to +5 ring of evasion.
  6264 | D:8      | 6264 ||| READING 2 scrolls labelled VIPNYN YGIUHETUC.
  6265 | D:8      | 6265 ||| DROPPING scroll of amnesia.
  6321 | D:9      | Identified the +1 cloak of Raimiufo {rC+ Int+4}
  6358 | D:9      | Found a basalt altar of Yredelemnul.
  6365 | D:9      | 6365 ||| INVOKING Heroism.
  6425 | D:9      | Noticed a two-headed ogre
  6426 | D:9      | 6426 ||| INVOKING Heroism.
  6436 | D:9      | Killed a two-headed ogre
  6436 | D:9      | Received a gift from Okawaru
  6437 | D:9      | Reached skill level 9 in Shields
  6694 | D:9      | Found a staircase to the Lair.
  6850 | D:9      | 6850 ||| PLANNING LAIR
  6850 | D:9      | 6850 ||| UPGRADING to +1 cloak of Raimiufo {rC+ Int+4}.
  6925 | Lair:1   | Entered Level 1 of the Lair of Beasts
  6926 | Lair:1   | 6926 ||| INVOKING Heroism.
  6935 | Lair:1   | Reached skill level 6 in Armour
  6944 | Lair:1   | Reached XP level 11. HP: 62/67 MP: 14/14
  6953 | Lair:1   | 6953 ||| INVOKING Heroism.
  7032 | Lair:1   | 7032 ||| INVOKING Heroism.
  7033 | Lair:1   | 7033 ||| Stepping ~*~*~tactically~*~*~ (hiding).
  7039 | Lair:1   | Reached skill level 10 in Axes
  7067 | Lair:1   | 7067 ||| Stepping ~*~*~tactically~*~*~ (hiding).
  7107 | Lair:1   | 7107 ||| INVOKING Heroism.
  7113 | Lair:1   | Reached **** piety under Okawaru
  7135 | Lair:1   | 7135 ||| INVOKING Heroism.
  7136 | Lair:1   | Received a gift from Okawaru
  7165 | Lair:1   | 7165 ||| INVOKING Heroism.
  7361 | Lair:1   | 7361 ||| INVOKING Heroism.
  7372 | Lair:1   | Reached skill level 3 in Throwing
  7396 | Lair:1   | Reached skill level 6 in Invocations
  7787 | Lair:1   | 7787 ||| DROPPING +2 pair of gloves.
  7861 | Lair:2   | Received a gift from Okawaru
  7934 | Lair:2   | 7934 ||| INVOKING Heroism.
  7951 | Lair:2   | 7951 ||| READING scroll of enchant weapon.
  7951 | Lair:2   | 7951 ||| ENCHANTING +2 war axe.
  7967 | Lair:2   | Found a hole to the Spider Nest.
  7967 | Lair:2   | Noticed an orb spider
  8054 | Lair:2   | Found a staircase to the Shoals.
  8054 | Lair:2   | Noticed a harpy
  8068 | Lair:2   | Killed a harpy
  8102 | Lair:2   | 8102 ||| INVOKING Heroism.
  8105 | Lair:2   | Reached XP level 12. HP: 73/73 MP: 14/17
  8295 | Lair:2   | Reached skill level 11 in Axes
  8683 | Lair:3   | Noticed an eight-headed hydra
  8684 | Lair:3   | 8684 ||| INVOKING Heroism.
  8686 | Lair:3   | 8686 ||| SWAPPING to +0 morningstar.
  8693 | Lair:3   | Killed an eight-headed hydra
  8694 | Lair:3   | 8694 ||| SWAPPING to +3 war axe.
  8724 | Lair:3   | Noticed a skyshark
  8735 | Lair:3   | 8735 ||| INVOKING Heroism.
  8743 | Lair:3   | Killed a skyshark
  8877 | Lair:3   | Reached skill level 9 in Invocations
  8921 | Lair:3   | 8921 ||| INVOKING Heroism.
  9103 | Lair:3   | Noticed a five-headed hydra
  9104 | Lair:3   | 9104 ||| INVOKING Heroism.
  9107 | Lair:3   | Killed a five-headed hydra
  9301 | Lair:3   | 9301 ||| INVOKING Heroism.
  9306 | Lair:3   | Reached ***** piety under Okawaru
  9346 | Lair:3   | 9346 ||| INVOKING Heroism.
  9584 | Lair:3   | 9584 ||| DROPPING ring of magical power.
  9585 | Lair:3   | 9585 ||| READING 2 scrolls labelled OMAS CERIOLU.
  9586 | Lair:3   | 9586 ||| DROPPING scroll of vulnerability.
  9609 | Lair:4   | Found a staircase to the Slime Pits.
  9609 | Lair:4   | Found a viscous altar of Jiyva.
  9623 | Lair:4   | Noticed an eight-headed hydra
  9624 | Lair:4   | 9624 ||| INVOKING Heroism.
  9626 | Lair:4   | 9626 ||| Stepping ~*~*~tactically~*~*~ (stealth).
  9628 | Lair:4   | 9628 ||| Stepping ~*~*~tactically~*~*~ (stealth).
  9629 | Lair:4   | 9629 ||| Stepping ~*~*~tactically~*~*~ (stealth).
  9631 | Lair:4   | 9631 ||| SWAPPING to +0 morningstar.
  9648 | Lair:4   | Killed an eight-headed hydra
  9649 | Lair:4   | 9649 ||| SWAPPING to +3 war axe.
  9655 | Lair:4   | 9655 ||| INVOKING Heroism.
  9657 | Lair:4   | Reached skill level 9 in Fighting
  9689 | Lair:4   | 9689 ||| FLEEEEING.
  9690 | Lair:4   | 9690 ||| FLEEEEING.
  9691 | Lair:4   | 9691 ||| FLEEEEING.
  9692 | Lair:4   | 9692 ||| STAIRDANCE
  9758 | Lair:4   | 9758 ||| INVOKING Heroism.
  9865 | Lair:4   | Identified the +2 cloak of the Wasteland {Slay+3}
  9943 | Lair:4   | 9943 ||| Stepping ~*~*~tactically~*~*~ (stealth).
  9944 | Lair:4   | 9944 ||| INVOKING Heroism.
  9956 | Lair:4   | 9956 ||| Stepping ~*~*~tactically~*~*~ (stealth).
  9959 | Lair:4   | 9959 ||| Stepping ~*~*~tactically~*~*~ (stealth).
  9962 | Lair:4   | 9962 ||| INVOKING Heroism.
  9967 | Lair:4   | 9967 ||| Stepping ~*~*~tactically~*~*~ (stealth).
  9968 | Lair:4   | 9968 ||| Stepping ~*~*~tactically~*~*~ (stealth).
 10007 | Lair:4   | Reached XP level 13. HP: 80/80 MP: 20/20
 10125 | Lair:4   | 10125 ||| INVOKING Heroism.
 10126 | Lair:4   | 10126 ||| SWAPPING to +0 morningstar.
 10146 | Lair:4   | 10146 ||| SWAPPING to +3 war axe.
 10208 | Lair:4   | Received a gift from Okawaru
 10209 | Lair:4   | Reached skill level 12 in Axes
 10460 | Lair:4   | 10460 ||| INVOKING Heroism.
 10658 | Lair:4   | 10658 ||| UPGRADING to +2 cloak of the Wasteland {Slay+3}.
 10668 | Lair:4   | 10668 ||| READING scroll labelled CIGANK LEWK.
 10684 | Lair:5   | Entered Level 5 of the Lair of Beasts
 10710 | Lair:5   | 10710 ||| Stepping ~*~*~tactically~*~*~ (stealth).
 10714 | Lair:5   | 10714 ||| Stepping ~*~*~tactically~*~*~ (stealth).
 10721 | Lair:5   | 10721 ||| INVOKING Heroism.
 10728 | Lair:5   | 10728 ||| SWAPPING to +0 morningstar.
 10736 | Lair:5   | Reached skill level 9 in Armour
 10736 | Lair:5   | 10736 ||| SWAPPING to +3 war axe of draining.
 10780 | Lair:5   | 10780 ||| INVOKING Heroism.
 10793 | Lair:5   | 10793 ||| Stepping ~*~*~tactically~*~*~ (stealth).
 10794 | Lair:5   | 10794 ||| Stepping ~*~*~tactically~*~*~ (stealth).
 10798 | Lair:5   | 10798 ||| Stepping ~*~*~tactically~*~*~ (stealth).
 10814 | Lair:5   | 10814 ||| Stepping ~*~*~tactically~*~*~ (stealth).
 10818 | Lair:5   | 10818 ||| Stepping ~*~*~tactically~*~*~ (stealth).
 10820 | Lair:5   | 10820 ||| INVOKING Heroism.
 10825 | Lair:5   | 10825 ||| Stepping ~*~*~tactically~*~*~ (stealth).
 10834 | Lair:5   | 10834 ||| Stepping ~*~*~tactically~*~*~ (stealth).
 10973 | Lair:5   | 10973 ||| Stepping ~*~*~tactically~*~*~ (stealth).
 10975 | Lair:5   | 10975 ||| INVOKING Heroism.
 11091 | Lair:5   | 11091 ||| INVOKING Heroism.
 11196 | Lair:5   | 11196 ||| Stepping ~*~*~tactically~*~*~ (stealth).
 11290 | Lair:5   | 11290 ||| Stepping ~*~*~tactically~*~*~ (stealth).
 11310 | Lair:5   | 11310 ||| Stepping ~*~*~tactically~*~*~ (stealth).
 11311 | Lair:5   | 11311 ||| Stepping ~*~*~tactically~*~*~ (stealth).
 11314 | Lair:5   | 11314 ||| Stepping ~*~*~tactically~*~*~ (stealth).
 11323 | Lair:5   | 11323 ||| INVOKING Heroism.
 11393 | Lair:5   | 11393 ||| INVOKING Heroism.
 11394 | Lair:5   | 11394 ||| INVOKING Finesse.
 11395 | Lair:5   | 11395 ||| Stepping ~*~*~tactically~*~*~ (hiding).
 11396 | Lair:5   | 11396 ||| SWAPPING to +0 morningstar.
 11404 | Lair:5   | 11404 ||| SWAPPING to +3 war axe of draining.
 11423 | Lair:5   | 11423 ||| Stepping ~*~*~tactically~*~*~ (stealth).
 11449 | Lair:5   | 11449 ||| INVOKING Heroism.
 11451 | Lair:5   | 11451 ||| INVOKING Finesse.
 11458 | Lair:5   | Reached skill level 13 in Axes
 11501 | Lair:5   | Identified the +0 glaive "With Two Names" {venom, Fragile
                  | rF+ rN+ Int+3}
 11504 | Lair:5   | 11504 ||| Stepping ~*~*~tactically~*~*~ (stealth).
 11508 | Lair:5   | 11508 ||| INVOKING Heroism.
 11548 | Lair:5   | 11548 ||| INVOKING Finesse.
 11561 | Lair:5   | Gained mutation: Your large and strong wings let you fly.
                  | [Gargoyle growth]
 11561 | Lair:5   | Reached XP level 14. HP: 88/88 MP: 16/21
 11592 | Lair:5   | Identified the ring of Xom's Capriciousness {Ice Int+4}
 11673 | Lair:5   | 11673 ||| INVOKING Heroism.
 11674 | Lair:5   | 11674 ||| INVOKING Finesse.
 11679 | Lair:5   | 11679 ||| SWAPPING to +0 morningstar.
 11687 | Lair:5   | 11687 ||| SWAPPING to +3 war axe of draining.
 11853 | Lair:5   | Reached skill level 14 in Axes
 11856 | Lair:5   | Received a gift from Okawaru
 11902 | Lair:5   | 11902 ||| Stepping ~*~*~tactically~*~*~ (stealth).
 11925 | Lair:5   | Received a gift from Okawaru
 12206 | Lair:5   | 12206 ||| PLANNING D:1-11
 12206 | Lair:5   | 12206 ||| UPGRADING to ring of Feri {Drain rPois Int+3
                  | SInv}.
 12300 | D:10     | Entered Level 10 of the Dungeon
 12337 | D:10     | Found Miruf's Book Shoppe.
 12421 | D:10     | Found a staircase to the Orcish Mines.
 12504 | D:10     | 12504 ||| INVOKING Heroism.
 12505 | D:10     | 12505 ||| INVOKING Finesse.
 12656 | D:10     | 12656 ||| Stepping ~*~*~tactically~*~*~ (stealth).
 12658 | D:10     | 12658 ||| Stepping ~*~*~tactically~*~*~ (stealth).
 12659 | D:10     | 12659 ||| Stepping ~*~*~tactically~*~*~ (stealth).
 12660 | D:10     | 12660 ||| Stepping ~*~*~tactically~*~*~ (stealth).
 13013 | D:11     | Noticed Sonja
 13014 | D:11     | 13014 ||| Stepping ~*~*~tactically~*~*~ (hiding).
 13015 | D:11     | 13015 ||| Stepping ~*~*~tactically~*~*~ (hiding).
 13016 | D:11     | 13016 ||| INVOKING Finesse.
 13019 | D:11     | 13019 ||| Stepping ~*~*~tactically~*~*~ (hiding).
 13035 | D:11     | Killed Sonja
 13071 | D:11     | 13071 ||| Stepping ~*~*~tactically~*~*~ (hiding).
 13073 | D:11     | 13073 ||| Stepping ~*~*~tactically~*~*~ (hiding).
 13350 | D:11     | 13350 ||| Stepping ~*~*~tactically~*~*~ (stealth).
 13367 | D:11     | Found a frozen archway.
 13689 | D:11     | 13689 ||| PLANNING D
 13689 | D:11     | 13689 ||| READING scroll labelled KUPUCVUANO.
 13689 | D:11     | Identified a scroll of acquirement
 13689 | D:11     | 13689 ||| ACQUIRING +0 pair of boots of Tenacity {Int+5}
 13689 | D:11     | Acquired the +0 pair of boots of Tenacity {Int+5}
 13691 | D:11     | 13691 ||| UPGRADING to +0 pair of boots of Tenacity
                  | {Int+5}.
 13696 | D:11     | 13696 ||| READING 16 scrolls of identify.
 13696 | D:11     | 13696 ||| IDENTIFYING metallic ruby potion
 13697 | D:11     | 13697 ||| DROPPING potion of berserk rage.
 13733 | D:12     | You are sucked into a shaft and drop 1 floor!
 13733 | D:13     | Found an ornate altar of the Wu Jian Council.
 13733 | D:13     | Found a transporter.
 13756 | D:13     | Found a transporter.
 13763 | D:13     | Noticed Lodul
 13764 | D:13     | 13764 ||| Stepping ~*~*~tactically~*~*~ (hiding).
 13769 | D:13     | 13769 ||| INVOKING Heroism.
 13780 | D:13     | Killed Lodul
 13796 | D:13     | 13796 ||| Stepping ~*~*~tactically~*~*~ (stealth).
 13815 | D:13     | Reached skill level 12 in Shields
 13818 | D:13     | 13818 ||| Stepping ~*~*~tactically~*~*~ (hiding).
 13828 | D:13     | Identified the +5 chain mail "Ezicyac" {Int+5} (Okawaru
                  | gifted it to you on level 13 of the Dungeon)
 13828 | D:13     | Received a gift from Okawaru
 13860 | D:13     | 13860 ||| Stepping ~*~*~tactically~*~*~ (hiding).
 13905 | D:13     | Found a transporter.
 13905 | D:13     | Found an ornate altar of the Wu Jian Council.
 13905 | D:13     | Noticed a vault warden
 13942 | D:13     | 13942 ||| Stepping ~*~*~tactically~*~*~ (hiding).
 13944 | D:13     | 13944 ||| Stepping ~*~*~tactically~*~*~ (stealth).
 13971 | D:13     | 13971 ||| INVOKING Heroism.
 14025 | D:13     | 14025 ||| DROPPING +5 chain mail "Ezicyac" {Int+5}.
 14026 | D:13     | 14026 ||| READING 15 scrolls of identify.
 14026 | D:13     | 14026 ||| IDENTIFYING cyan potion
 14037 | D:12     | 14037 ||| READING scroll of brand weapon.
 14037 | D:12     | 14037 ||| BRANDING +3 war axe of draining.
 14044 | D:12     | Noticed Snorg
 14045 | D:12     | 14045 ||| INVOKING Heroism.
 14046 | D:12     | 14046 ||| INVOKING Finesse.
 14061 | D:12     | Killed Snorg
 14141 | D:12     | 14141 ||| READING scroll of enchant weapon.
 14141 | D:12     | 14141 ||| ENCHANTING +3 war axe of protection.
 14142 | D:12     | Noticed Kirke
 14143 | D:12     | 14143 ||| INVOKING Heroism.
 14158 | D:12     | Killed Kirke
 14160 | D:12     | 14160 ||| Stepping ~*~*~tactically~*~*~ (stealth).
 14218 | D:12     | 14218 ||| Stepping ~*~*~tactically~*~*~ (stealth).
 14220 | D:12     | 14220 ||| Stepping ~*~*~tactically~*~*~ (hiding).
 14225 | D:12     | 14225 ||| Stepping ~*~*~tactically~*~*~ (hiding).
 14227 | D:12     | Noticed Nergalle
 14246 | D:12     | 14246 ||| INVOKING Heroism.
 14250 | D:12     | Killed Nergalle
 14267 | D:12     | 14267 ||| Stepping ~*~*~tactically~*~*~ (hiding).
 14315 | D:12     | 14315 ||| Stepping ~*~*~tactically~*~*~ (hiding).
 14316 | D:12     | 14316 ||| Stepping ~*~*~tactically~*~*~ (hiding).
 14319 | D:12     | 14319 ||| Stepping ~*~*~tactically~*~*~ (hiding).
 14471 | D:12     | 14471 ||| Stepping ~*~*~tactically~*~*~ (hiding).
 14703 | D:12     | 14703 ||| INVOKING Heroism.
 14715 | D:12     | Reached skill level 15 in Axes
 14765 | D:12     | 14765 ||| Stepping ~*~*~tactically~*~*~ (stealth).
 14771 | D:12     | 14771 ||| INVOKING Heroism.
 14779 | D:12     | 14779 ||| READING 6 scrolls of teleportation.
 14997 | D:12     | 14997 ||| DROPPING amulet of the acrobat.
 15078 | D:13     | Noticed Rupert
 15079 | D:13     | 15079 ||| INVOKING Heroism.
 15092 | D:13     | HP: 7/90 [Rupert/+4 great sword of freezing (21)]
 15092 | D:13     | Slain by Rupert

Levels and vault maps discovered:
D:1:      evilmike_arrival_plus, layout_rooms, serial_shops, shop,
          nicolae_shop_real_fake_doors, nicolae_shop_stone, minmay_pentomino_o4
D:2:      layout_rooms, chequers_serial_rivers_marsh, minivault_26
D:3:      layout_rooms, nicolae_kikubaaqudgha_miasma_corner, kennysheep_doodads,
          minmay_diced_spiral, uniq_sigmund
D:4:      layout_layer_cave, grunt_temple_overflow_open,
          nzn_wu_jian_contemplation, mainiacjoe_overflow_divided_tiny,
          uniq_eustachio
D:5:      layout_basic, kennysheep_mini
D:6:      layout_loops_ring, kennysheep_potato
D:7:      layout_rooms, minmay_temple_entry_slanted, feat_on_display,
          uniq_maggie, uniq_menkaure
D:8:      layout_rooms, overflow_temple_1_default, ebering_ghost_xom,
          nicolae_shop_i_like_big_books, corexii_leaking_fountain,
          uniq_gastronok
D:9:      layout_basic, mainiacjoe_overflow_paths, lair_entry_dummy
D:10:     layout_gridville, orc_0_dummy, serial_shops,
          nicolae_shop_tiny_waterfront
D:11:     layout_stronghold, portal_ice_cave_entry_pillars_1,
          serial_column_ruins, column_ruins_hut_pillars,
          column_ruins_open_small, column_ruins_grid_1,
          column_ruins_columns_straight, column_ruins_open_small,
          column_ruins_corridor_straight, column_ruins_open_tiny,
          column_ruins_corridor_T, uniq_sonja
D:12:     layout_roguey, uniq_nergalle, uniq_snorg, uniq_kirke
D:13:     dreamdust_wu_jian_sword_trials, layout_basic, david_vaults_4,
          serial_shops, shop, minmay_shop_chei, uniq_josephine, uniq_rupert,
          uniq_lodul
Temple:   hellmonk_temple_flake
Lair:1:   layout_regular_city, chequers_serial_rivers_micro_c,
          dpeg_stationary_puzzle, lemuel_fruit_tree
Lair:2:   layout_regular_city, nicolae_shoals_entry_roost,
          nicolae_spider_entry_orb_guardian
Lair:3:   layout_regular_city, serial_bayou_pond_c, beast_lair_carwin_6
Lair:4:   layout_regular_city, slime_entry_1
Lair:5:   hangedman_lair_in_review, layout_small_grid, grunt_megastairs_2

Skill      XL: |  1  2  3  4  5  6  7  8  9 10 11 12 13 14 |
---------------+-------------------------------------------+-----
Axes           | 2 3 5 6 7 8 9 10 11 13 15 | 15.0
Dodging        | 1 4 |  4.0
Shields        | 5 6 7 8 9 10 11 12 | 12.1
Fighting       | 4 5 6 7 8 9 10 11 | 11.0
Throwing       | 2 3 4 5 |  5.0
Armour         | 5 6 7 8 9 10 | 10.5
Invocations    | 3 4 7 10 | 10.0

Action                     |  1- 3 |  4- 6 |  7- 9 | 10-12 | 13-15 || total
---------------------------+-------+-------+-------+-------+-------++-------
  Melee: War axe           |    93 |   107 |   291 |   486 |   586 ||  1563
         Headbutt          |       |       |     6 |       |       ||     6
         Bite              |       |       |    16 |    61 |    98 ||   175
         Morningstar       |       |       |       |    24 |    40 ||    64
  Throw: Javelin           |       |       |    38 |    77 |   117 ||   232
         Boomerang         |       |       |       |       |     8 ||     8
 Invoke: Heroism           |       |       |     3 |    24 |    21 ||    48
         Finesse           |       |       |       |       |     7 ||     7
    Use: Scroll            |     9 |     4 |    10 |     4 |     7 ||    34
         Potion            |     1 |     3 |     3 |       |       ||     7
 Armour: Scale mail        |    35 |    32 |       |       |       ||    67
         Chain mail        |       |    48 |    87 |       |       ||   135
         Plate armour      |       |       |    60 |   315 |   328 ||   703
  Dodge: Dodged            |    39 |    39 |    71 |   293 |   274 ||   716
  Block: Buckler           |    13 |    12 |       |       |       ||    25
         Kite shield       |       |    45 |   193 |   386 |   406 ||  1030

Table legend:
 A = Non-vault XP
 B = Vault XP
 C = Vault XP percentage of total XP
 D = Non-vault monster count
 E = Vault monster count
 F = Vault count percentage of total count
                 A         B        C        D         E       F
            +---------+---------+-------+---------+---------+-------
      Total |   62843 |   22675 |  26.5 |     394 |      65 |  14.2
            +---------+---------+-------+---------+---------+-------
        D:1 |      30 |       7 |  18.9 |      20 |       4 |  16.7
        D:2 |      23 |       0 |   0.0 |      10 |       0 |   0.0
        D:3 |     160 |     225 |  58.4 |      25 |       2 |   7.4
        D:4 |     124 |     191 |  60.6 |      13 |       1 |   7.1
        D:5 |     842 |       0 |   0.0 |      28 |       0 |   0.0
        D:6 |     884 |      13 |   1.4 |      31 |       2 |   6.1
        D:7 |    1412 |     425 |  23.1 |      13 |       2 |  13.3
        D:8 |    1119 |    1461 |  56.6 |      23 |       1 |   4.2
        D:9 |    1714 |       0 |   0.0 |      13 |       0 |   0.0
       D:10 |    4009 |       0 |   0.0 |      33 |       0 |   0.0
       D:11 |    3041 |     788 |  20.6 |      18 |       1 |   5.3
       D:12 |    6452 |    3326 |  34.0 |      28 |       4 |  12.5
       D:13 |    3516 |    3166 |  47.4 |       7 |       9 |  56.2
     Lair:1 |    6861 |     106 |   1.5 |      25 |       2 |   7.4
     Lair:2 |    3456 |     605 |  14.9 |      16 |       1 |   5.9
     Lair:3 |    5287 |     937 |  15.1 |      13 |       8 |  38.1
     Lair:4 |    8706 |       0 |   0.0 |      31 |       0 |   0.0
     Lair:5 |   15207 |   11425 |  42.9 |      47 |      28 |  37.3
            +---------+---------+-------+---------+---------+-------
